 Dungeon Crawl Stone Soup version 0.31-a0-1626-g5cb510d322 (webtiles) character file.

Game seed: 16983344002760229860

657 Arzdou the Slasher (level 7, -4/67 (78) HPs)
             Began as a Merfolk Monk on Jan 12, 2024.
             Slain by Duvessa
             ... wielding a +0 short sword of draining
              (5 damage)
             ... on level 4 of the Dungeon.
             The game lasted 00:05:24 (3068 turns).

Arzdou the Slasher (Merfolk Monk)                   Turns: 3068, Time: 00:05:25

HP:   -4/67 (78)    AC: 23    Str: 18    XL:     7   Next: 55%
MP:   7/7           EV:  2    Int: 11    God:
Gold: 202           SH:  0    Dex: 16    Spells: 6/6 levels left

rFire   . . .        a - +0 falchion
rCold   . . .        d - orb {light}
rNeg    . . .        E - melded +0 robe
rPois   +            (helmet currently unavailable)
rElec   .            (cloak currently unavailable)
rCorr   .            (gloves currently unavailable)
SInv    .            (boots currently unavailable)
Will    +....        (no amulet)
Stlth   +            k - +6 ring of strength
HPRegen 0.31/turn    (no ring)
MPRegen 0.10/turn

%: no passive effects
@: mighty, tree-form, enlightened, glowing, heavily drained
A: stationary, stasis, torment immunity, boosted hp, (nimble swimmer 2),
(mertail)
a: no special abilities


You were on level 4 of the Dungeon.
You were a tree.
You visited 1 branch of the dungeon, and saw 4 of its levels.
You also visited: Sewer.

You collected 247 gold pieces.
You spent 45 gold pieces at shops.

Inventory:

Hand Weapons
 a - a +0 falchion (weapon)
 b - a +0 hand cannon
 o - a +0 arbalest
Missiles
 u - a curare-tipped dart (quivered)
 w - 15 poisoned darts
Armour
 d - an orb of light (worn)
 E - a +0 robe (melded)
Jewellery
 k - a +6 ring of strength (left branch)
 D - a ring of poison resistance
Talismans
 f - a beast talisman (active)
Scrolls
 e - 9 scrolls of teleportation {unknown}
 g - 2 scrolls of vulnerability {unknown}
 i - 2 scrolls of immolation {unknown}
 m - a scroll of noise {unknown}
 n - a scroll of brand weapon {unknown}
 q - 2 scrolls of amnesia {unknown}
 r - 2 scrolls of identify {unknown}
 s - a scroll of enchant armour {unknown}
 y - a scroll of blinking {unknown}
 A - a scroll of enchant weapon {unknown}
Potions
 h - a potion of enlightenment
 j - a potion of heal wounds {unknown}
 l - a potion of lignification
 p - a potion of berserk rage {unknown}
 t - a potion of magic {unknown}
 v - a potion of might
 x - a potion of resistance {unknown}
 z - 2 potions of curing {unknown}
 B - a potion of mutation {unknown}
 C - a potion of cancellation {unknown}


   Skills:
 - Level 3.2 Fighting
 + Level 7.7 Long Blades
 - Level 4.0 Dodging
 + Level 6.5 Shapeshifting


You had 6 spell levels left.
You didn't know any spells.
Your spell library contained the following spells:

 Spells                   Type           Power      Damage    Failure   Level
 Slow                     Hex            0%         N/A       34%         1
 Confusing Touch          Hex            0%         N/A       71%         3
 Dazzling Flash           Conj/Hex       0%         N/A       71%         3
 Sigil of Binding         Hex            0%         N/A       71%         3
 Tukima's Dance           Hex            0%         N/A       71%         3
 Vampiric Draining        Necr           0%         2d6       71%         3
 Volatile Blastmotes      Fire/Tloc      0%         2d10      71%         3
 Passage of Golubria      Tloc           0%         N/A       98%         4
 Yara's Violent Unravell  Hex/Alch       0%         3d3       100%        5
 Starburst                Conj/Fire      0%         6d3       100%        6
 Maxwell's Capacitive Co  Air            0%         ∞         100%        8


Dungeon Overview and Level Annotations

Branches:
Dungeon (4/15)              Sewer (visited)
 Temple: D:4-7

Altars:
Zin

Shops:
D:4 (

Annotations:
D:4 Dowan, Duvessa


Innate Abilities, Weirdness & Mutations

You are a tree.
Your roots penetrate the ground, keeping you stationary.
You cannot be teleported.
You are immune to unholy pain and torment.
Your maximum health is greatly increased.
Your equipment is partially melded.
((You are very nimble when in or above water. (Stealth+, EV+, Speed+++)))
((Your lower body shifts to a powerful aquatic tail in water.))


Message History

* * * LOW HITPOINT WARNING * * *
Okay, then.
You are confused.
You feel invigorated.
You feel sick. Duvessa closely misses you.
There are monsters nearby!
You feel sick.
Duvessa hits you with a +0 short sword of draining.
* * * LOW HITPOINT WARNING * * *
You feel drained.
* * * LOW HITPOINT WARNING * * *
Dowan gestures at you while chanting. The puff of frost hits you.
* * * LOW HITPOINT WARNING * * *
Unknown command.
Okay, then.
You are too confused!
It was a potion of enlightenment.
You feel very buoyant.
You fly up into the air.
You feel sick.
Duvessa hits you with a +0 short sword of draining.
* * * LOW HITPOINT WARNING * * *
You feel drained.
* * * LOW HITPOINT WARNING * * *
It was a potion of lignification.
Your transformation has ended.
You turn into a tree.
Your +0 robe melds into your body.
Your roots penetrate the ground.
You feel less invigorated.
You feel less confused.
You feel sick.
You are no longer poisoned.
Duvessa hits you with a +0 short sword of draining.
* * * LOW HITPOINT WARNING * * *
You feel drained.
* * * LOW HITPOINT WARNING * * *
Dowan hits you but does no damage.
Unknown command.
It was a potion of might.
You feel very mighty all of a sudden.
Duvessa hits you with a +0 short sword of draining.
You die...

## .. .# ######
.# ...#. .# ##
... .# ##(#.#. #
#.#.#####.
......e #.
##e....†..
##.....
.####.#♣###..###
###..#
......††e....#
#..
##.##...##)#.#
#. #......# # #.
#.##..## # # #..
#.. ..# ##.


You could see Duvessa and Dowan.

Vanquished Creatures
  Sigmund (D:4)
  A crocodile (Sewer)
  3 kobold brigands (Sewer)
  A scorpion (D:4)
  A hound (D:4)
  5 adders
  A river rat (Sewer)
  2 ribbon worms (Sewer)
  4 orcs
  7 ball pythons
  4 bats
  5 endoplasms
  2 giant cockroaches
  3 goblins
  6 hobgoblins
  3 quokkas
  4 frilled lizards
  10 kobolds
  7 rats
70 creatures vanquished.

Notes
Turn   | Place    | Note
-------+----------+-------------------------------------------
     0 | D:1      | Arzdou the Merfolk Monk began the quest for the Orb.
     0 | D:1      | Reached XP level 1. HP: 18/18 MP: 1/1
   208 | D:1      | Reached skill level 1 in Shapeshifting
   313 | D:1      | Reached skill level 4 in Long Blades
   313 | D:1      | Reached XP level 2. HP: 20/24 MP: 2/2
  1094 | D:2      | Reached XP level 3. HP: 24/29 MP: 3/3
  1405 | D:2      | Found a faded altar of an unknown god.
  1964 | D:3      | Found a glowing drain.
  1978 | Sewer    | Entered a sewer
  1998 | Sewer    | Reached XP level 4. HP: 33/35 MP: 4/4
  2050 | Sewer    | Noticed a kobold brigand
  2070 | Sewer    | Killed a kobold brigand
  2071 | Sewer    | Reached skill level 5 in Long Blades
  2071 | Sewer    | Reached XP level 5. HP: 34/41 MP: 5/5
  2114 | Sewer    | Noticed a kobold brigand
  2127 | Sewer    | Killed a kobold brigand
  2128 | Sewer    | Reached skill level 6 in Long Blades
  2206 | Sewer    | Reached XP level 6. HP: 44/47 MP: 6/6
  2242 | Sewer    | Reached skill level 5 in Shapeshifting
  2738 | D:3      | Found a glowing silver altar of Zin.
  2863 | D:4      | Found Sicauler's Firing Range.
  2863 | D:4      | Noticed Sigmund
  2880 | D:4      | Killed Sigmund
  2881 | D:4      | Reached skill level 7 in Long Blades
  2881 | D:4      | Reached XP level 7. HP: 38/52 MP: 7/7
  2883 | D:4      | Bought a +0 hand cannon for 45 gold pieces
  3007 | D:4      | Noticed Dowan
  3050 | D:4      | Noticed Duvessa
  3066 | D:4      | HP: 1/46 [Duvessa/+0 short sword of draining (2)]
  3068 | D:4      | Slain by Duvessa

Illustrated notes

Levels and vault maps discovered:
D:1:      lemuel_arrival_room, layout_loops_ring, minmay_tetromino_o2
D:2:      layout_basic, shapermc_ecumenical_altar_hornbeckon,
          hangedman_decor_points, minmay_misc_feat_secret_circle
D:3:      layout_loops_cross, zin_statuary, portal_sewer_entry_d
D:4:      layout_loops_ring, ebering_ghost_inner_flame,
          nicolae_shop_firing_range, uniq_duvessa, uniq_sigmund

Skill      XL: |  1  2  3  4  5  6 |
---------------+-------------------+-----
Shapeshifting  | 1 2 3 4 6 |  6.5
Long Blades    | 4 5 6 7 |  7.7
Fighting       | |  3.2
Dodging        | |  4.0

Action                     |  1- 3 |  4- 6 |  7- 9 || total
---------------------------+-------+-------+-------++-------
  Melee: Falchion          |    82 |    90 |     8 ||   180
         Tailslap          |     2 |     8 |       ||    10
   Fire: Hand cannon       |       |       |    13 ||    13
    Use: Potion            |       |       |     4 ||     4
 Armour: Robe              |    37 |    23 |    11 ||    71
         Skin              |       |       |     3 ||     3
  Dodge: Dodged            |    79 |    54 |     4 ||   137
   Form: Beast             |     1 |       |       ||     1

Table legend: (Time is in decaauts)
 A = Elapsed time spent in this place.
 B = Non-inter-level travel time spent in this place.
 C = Inter-level travel time spent in this place.
 D = Time resting spent in this place.
 E = Time spent auto-exploring this place.
 F = Levels seen in this place.
 G = Mean time per level.
                   A        B        C        D        E       F      G
               +--------+--------+--------+--------+--------+-----+--------+
         Total |   3011 |   2893 |    118 |      4 |   2381 |   5 |  602.2 |
       Dungeon |   2601 |   2483 |    118 |      0 |   2118 |   4 |  650.2 |
         Sewer |    409 |    409 |      0 |      4 |    263 |   1 |  409.0 |
               +--------+--------+--------+--------+--------+-----+--------+

Top non-repeatable levels by time:
     D:2: 1017 daAuts
     D:1: 714 daAuts
     D:3: 633 daAuts
   Sewer: 409 daAuts
     D:4: 236 daAuts
